 Dungeon Crawl Stone Soup version 0.21.1-1-g345015f (webtiles) character file.

42 tidbits the Sneak (level 3, 0/25 HPs)
             Began as a Gnoll Enchanter on June 6, 2018.
             Was an Initiate of Cheibriados.
             Succumbed to a worker ant's poison
             ... on level 4 of the Dungeon.
             The game lasted 00:04:41 (452 turns).

tidbits the Sneak (Gnoll Enchanter)                  Turns: 452, Time: 00:04:42

Health: 0/25       AC:  2    Str: 10 (11) XL:     3   Next: 56%
Magic:  2/9        EV: 14    Int: 18 (19) God:    Cheibriados [......]
Gold:   70         SH:  0    Dex: 14 (16) Spells: 9/12 levels left

rFire    . . .     SeeInvis .   a - +1 dagger
rCold    . . .     Gourm    .   (no shield)
rNeg     + . .     Faith    .   b - +0 robe
rPois    .         Spirit   .   (no helmet)
rElec    .         Reflect  .   (no cloak)
rCorr    .         Harm     .   (no gloves)
MR       .....                  (no boots)
Stlth    +++.......             (no amulet)
HPRegen  0.08/turn              j - ring of positive energy
MPRegen  0.11/turn              (no ring)

@: lethally poisoned (0 -> -4), very slow
A: distributed training, fangs 1, strong nose
a: Bend Time, Renounce Religion


You were on level 4 of the Dungeon.
You worshipped Cheibriados.
Cheibriados was noncommittal.
You were not hungry.

You visited 2 branches of the dungeon, and saw 5 of its levels.

You collected 70 gold pieces.

Inventory:

Hand Weapons
 a - a +1 dagger (weapon)
 o - a +0 hunting sling
Missiles
 m - 17 arrows
 n - 31 stones (quivered)
Armour
 b - a +0 robe (worn)
Jewellery
 j - a ring of positive energy (left hand)
   (You found it on level 1 of the Dungeon)
Scrolls
 e - a scroll of fear
 f - a scroll of immolation {unknown}
 g - a scroll of magic mapping
 i - a scroll of blinking {unknown}
 k - a scroll of teleportation
 l - a scroll of identify {unknown}
Potions
 h - a potion of degeneration
 p - a potion of flight {unknown}
Books
 c - a book of Maledictions

   Spells                             Type                      Level
   a - Corona                         Hexes                        1
   b - Ensorcelled Hibernation        Hexes/Ice                    2
   c - Confuse                        Hexes                        3
   d - Tukima's Dance                 Hexes                        3
   e - Dazzling Spray                 Conjuration/Hexes            3
Comestibles
 d - 3 rations


   Skills:
 + Level 0.8 Fighting
 + Level 2.6 Short Blades
 + Level 0.8 Long Blades
 + Level 0.8 Axes
 + Level 0.8 Maces & Flails
 + Level 0.8 Polearms
 + Level 0.8 Staves
 + Level 0.8 Slings
 + Level 0.8 Bows
 + Level 0.8 Crossbows
 + Level 0.8 Throwing
 + Level 0.8 Armour
 + Level 4.5 Dodging
 + Level 6.0 Stealth
 + Level 0.8 Shields
 + Level 0.8 Unarmed Combat
 + Level 5.0 Spellcasting
 + Level 0.5 Conjurations
 + Level 5.4 Hexes
 + Level 0.5 Charms
 + Level 0.5 Summonings
 + Level 0.5 Necromancy
 + Level 0.5 Translocations
 + Level 0.5 Transmutations
 + Level 0.5 Fire Magic
 + Level 0.5 Ice Magic
 + Level 0.5 Air Magic
 + Level 0.5 Earth Magic
 + Level 0.5 Poison Magic
 + Level 1.0 Invocations
 + Level 0.8 Evocations


You had 9 spell levels left.
You knew the following spells:

 Your Spells              Type           Power        Failure   Level  Hunger
a - Corona                Hex            ###....      1%          1    None
e - Ensorcelled Hibernat  Hex/Ice        ###...       6%          2    #......


Dungeon Overview and Level Annotations

Branches:
Dungeon (4/15)             Temple (1/1) D:4

Altars:
Cheibriados
Dithmenos
Fedhas
Gozag
Hepliaklqana
Kikubaaqudgha
Makhleb
Trog
Uskayaw
Vehumet
Wu Jian
Xom

Annotations:
D:3 Jaiteiro's ghost, weakling GrFi
D:4 Unprinted's ghost, amateur MiMo


Innate Abilities, Weirdness & Mutations

Your experience applies equally to all skills.
You have very sharp teeth.
Your uncanny sense of smell can sniff out nearby items.


Message History

Things that are here:
a dagger; a goblin corpse The adder hisses angrily.
Found a stone staircase leading down.
A bat comes into view.
Jaiteiro's ghost (weakling Gargoyle Fighter) comes into view.
Jaiteiro's ghost turns its malevolent gaze towards you.
The jackal barks!
You hear a shout! x2
Found a ration.
The bat misses you.
Found 15 sling bullets.
There is a stone staircase leading down here.
The bat hits you but does no damage. Jaiteiro's ghost closely misses you.
You climb downwards.
Found a scroll labeled QIRGHAF HERCHOHA and a sapphire potion.
There is a stone staircase leading up here.
Unknown command.
A worker ant comes into view.
You see here a scroll labeled QIRGHAF HERCHOHA.
g - 2 scrolls labeled QIRGHAF HERCHOHA (gained 1)
You see here a sapphire potion.
p - a sapphire potion
Found a staircase to the Ecumenical Temple.
Found a robe, a ration and a glowing ring mail.
Found a stone staircase leading up.
A worker ant comes into view.
There is a staircase to the Ecumenical Temple here.
You climb downwards.
Welcome to the Ecumenical Temple!
Found a hide-covered altar of Uskayaw.
There is a staircase back to the Dungeon here.
Unknown command.
Found an ancient bone altar of Kikubaaqudgha and a hazy altar of Hepliaklqana.
Found a bloodstained altar of Trog.
Found a radiant altar of Vehumet and a shadowy altar of Dithmenos.
Found an ornate altar of the Wu Jian Council.
Found a blossoming altar of Fedhas.
Found a burning altar of Makhleb.
Found a shimmering altar of Xom.
Found a snail-covered altar of Cheibriados.
There is a shimmering altar of Xom here.
There is a snail-covered altar of Cheibriados here.
You kneel at the altar of Cheibriados.
Cheibriados welcomes you!
Cheibriados begins to support your attributes as your movement slows.
You can now bend time to slow others.
HP restored.
There is a staircase back to the Dungeon here.
You climb upwards.
Welcome back to the Dungeon!
Unprinted's ghost (amateur Minotaur Monk) comes into view.
There is a staircase to the Ecumenical Temple here.
The worker ant bites you.
You are poisoned.
The worker ant poisons you!
Unknown command.
Casting: Corona
Confirm with . or Enter, or press ? or * to list all spells.
Aiming: Ensorcelled Hibernation
Press: ? - help, Shift-Dir - straight line, f - worker ant
Aim: a worker ant (chance to defeat MR: 53%)
The worker ant resists with significant effort.
Unprinted's ghost turns its malevolent gaze towards you.
You feel sick. The worker ant closely misses you.
Casting: Ensorcelled Hibernation
Confirm with . or Enter, or press ? or * to list all spells.
Aiming: Ensorcelled Hibernation
Press: ? - help, Shift-Dir - straight line, f/p - worker ant
Aim: a worker ant (chance to defeat MR: 53%)
The worker ant resists with significant effort.
You feel sick. The worker ant bites you.
Casting: Ensorcelled Hibernation
Confirm with . or Enter, or press ? or * to list all spells.
Aiming: Ensorcelled Hibernation
Press: ? - help, Shift-Dir - straight line, f/p - worker ant
Aim: a worker ant (chance to defeat MR: 53%)
The worker ant looks drowsy...
You feel sick.
The helpless worker ant fails to defend itself.
You impale the worker ant!!
You kill the worker ant!
Cheibriados appreciates the change of pace.
Your Stealth skill increases to level 6!
Your Spellcasting skill increases to level 5!
Your Invocations skill increases to level 1!
You have reached level 3!
Your experience leads to an increase in your attributes!
Your base attributes are Str 10, Int 17, Dex 15.
Increase (S)trength, (I)ntelligence, or (D)exterity?
You feel clever.
As you read the scroll labeled QIRGHAF HERCHOHA, it crumbles to dust.
You feel aware of your surroundings.
It was a scroll of magic mapping.
You feel sick.
A worker ant comes into view.
As you read the scroll labeled DUIZIM FOTU, it crumbles to dust.
You feel strangely unstable.
It was a scroll of teleportation.
You feel sick. Unprinted's ghost hits you!
* * * LOW HITPOINT WARNING * * *
Your surroundings suddenly seem different.
It was a potion of degeneration.
There was something very wrong with that liquid.
You feel weakened.
You feel dopey.
You feel clumsy.
You die...

######### #.......#
##...#...###.......#
##.........##.......#
#...........#.......#
#...........#.......# **
#...................# ,*
##..........##.<#...#****** ,*
#.........#####..#....,,,,, ,*
#....#.##.@........,##*****
,*#####....#.##....###....#
.##........#.#.....# *#...#
......#....#.#.....# *...# *
,####........#.....#***...#**** *
,* #.....#.........,,,....,,,***
.####................,,,,,,,,,*,,
......W>..............,,,,,,,,,,*
..###.†PP.......,,,,,,,,,,,,,,***


There were no monsters in sight!

Vanquished Creatures
  A worker ant (D:4)
  A dart slug (D:1)
  A leopard gecko (D:2)
  An orc (D:3)
  2 bats
  4 goblins
  A jackal (D:3)
  A quokka (D:2)
  A frilled lizard (D:1)
  2 kobolds
15 creatures vanquished.

Notes
Turn   | Place    | Note
-------+----------+-------------------------------------------
     0 | D:1      | tidbits the Gnoll Enchanter began the quest for the Orb.
     0 | D:1      | Reached XP level 1. HP: 13/13 MP: 6/6
   115 | D:1      | Reached XP level 2. HP: 15/19 MP: 5/7
   119 | D:1      | Learned a level 2 spell: Ensorcelled Hibernation
   271 | D:2      | Found an opulent altar of Gozag.
   343 | D:3      | Noticed Jaiteiro's ghost (weakling GrFi)
   360 | D:4      | Found a staircase to the Ecumenical Temple.
   369 | Temple   | Entered the Ecumenical Temple
   409 | Temple   | Became a worshipper of Cheibriados the Contemplative
   442 | D:4      | Noticed Unprinted's ghost (amateur MiMo)
   447 | D:4      | Reached skill level 6 in Stealth
   447 | D:4      | Reached skill level 5 in Spellcasting
   447 | D:4      | Reached skill level 1 in Invocations
   447 | D:4      | Reached XP level 3. HP: 13/25 MP: 1/9
   450 | D:4      | HP: 1/25 [Unprinted's ghost (10)]
   452 | D:4      | Succumbed to a worker ant's poison

Skill      XL: |  1  2 |
---------------+-------+-----
Stealth        | 6 |  6.0
Spellcasting   | 5 |  5.0
Invocations    | 1 |  1.0
Fighting       | |  0.8
Short Blades   | |  2.6
Long Blades    | |  0.8
Axes           | |  0.8
Maces & Flails | |  0.8
Polearms       | |  0.8
Staves         | |  0.8
Slings         | |  0.8
Bows           | |  0.8
Crossbows      | |  0.8
Throwing       | |  0.8
Armour         | |  0.8
Dodging        | |  4.5
Shields        | |  0.8
Unarmed Combat | |  0.8
Conjurations   | |  0.5
Hexes          | |  5.4
Charms         | |  0.5
Summonings     | |  0.5
Necromancy     | |  0.5
Translocations | |  0.5
Transmutations | |  0.5
Fire Magic     | |  0.5
Ice Magic      | |  0.5
Air Magic      | |  0.5
Earth Magic    | |  0.5
Poison Magic   | |  0.5
Evocations     | |  0.8

Action                   || total
-------------------------++-------
Melee: Dagger            ||    47
       Bite              ||     1
 Cast: Corona            ||    10
       Ensorcelled Hiber ||     7
  Use: Scroll            ||     3
       Potion            ||     1
 Stab: Sleeping          ||     6
Armor: Robe              ||    12
Dodge: Dodged            ||    29

Table legend:
 A = Turns spent in this place as a percentage of turns spent in the entire game.
 B = Non-inter-level travel turns spent in this place as a percentage of non-inter-level travel turns spent in the entire game.
 C = Inter-level travel turns spent in this place as a percentage of turns spent in this place.
 D = Turns resting spent in this place as a percentage of non-inter-level travel turns spent in this place.
 E = Turns spent auto-exploring this place as a percentage of non-inter-level travel turns spent in this place.
 F = Non-inter-level travel turns spent in this place divided by the number of levels of this place that you've seen.
                   A       B       C       D       E      F
               +-------+-------+-------+-------+-------+----------------------
         Total | 100.0 | 100.0 |   6.9 |   0.0 |   0.0 |  84.2
       Dungeon |  83.8 |  90.0 |   0.0 |   0.0 |   0.0 |  94.8
        Temple |  16.2 |  10.0 |  42.5 |   0.0 |   0.0 |  42.0
               +-------+-------+-------+-------+-------+----------------------

Table legend:
 A = Kills in this place as a percentage of kills in entire the game.
 B = Kills by you in this place as a percentage of kills by you in the entire game.
 C = Kills by friends in this place as a percentage of kills by friends in the entire game.
 D = Other kills in this place as a percentage of other kills in the entire game.
 E = Experience gained in this place as a percentage of experience gained in the entire game.
 F = Experience gained in this place divided by the number of levels of this place that you have seen.
                   A       B       C       D       E      F
               +-------+-------+-------+-------+-------+----------------------
         Total | 100.0 | 100.0 |   N/A |   N/A | 100.0 |  12.2
       Dungeon | 100.0 | 100.0 |   N/A |   N/A | 100.0 |  15.2
               +-------+-------+-------+-------+-------+----------------------

Vault maps used:
D:1:      dpeg_arrival_more_subterranean_lakeside_camping, hex_tiny
D:2:      grunt_gozag_statues
D:4:      minmay_temple_entry_overgrown, first_ration, minmay_lizard_king
Temple:   regret_index_temple_waves
